 Dungeon Crawl Stone Soup version 0.29.1-12-g30fa7ad0bf (webtiles) character file.

Game seed: 15826990618436024388

19 soggyman666 the Chopper (level 2, -5/27 HPs)
             Began as a Hill Orc Monk on Dec 25, 2022.
             Slain by a gnoll
             ... wielding a +0 halberd
              (8 damage)
             ... on level 2 of the Dungeon.
             The game lasted 00:01:29 (791 turns).

soggyman666 the Chopper (Hill Orc Monk)              Turns: 791, Time: 00:01:31

Health: -5/27      AC:  8    Str: 13    XL:     2   Next: 75%
Magic:  2/2        EV:  6    Int: 10    God:
Gold:   56         SH:  0    Dex: 13    Spells: 1/1 levels left

rFire   . . .      SeeInvis .   a - +0 hand axe
rCold   . . .      Faith    .   (no shield)
rNeg    . . .      Spirit   .   j - +0 chain mail
rPois   .          Reflect  .   (no helmet)
rElec   .          Harm     .   (no cloak)
rCorr   .          Rampage  .   (no gloves)
Will    .....                   (no boots)
Stlth   ..........              (no amulet)
HPRegen 0.09/turn               (no ring)
MPRegen 0.08/turn               (no ring)

@: no status effects
A: no striking features
a: no special abilities


You were on level 2 of the Dungeon.
You visited 1 branch of the dungeon, and saw 2 of its levels.

You collected 56 gold pieces.

Inventory:

Hand Weapons
 a - a +0 hand axe (weapon)
Armour
 j - a +0 chain mail (worn)
Scrolls
 c - a scroll of enchant armour {unknown}
 f - a scroll of identify {unknown}
 i - a scroll of immolation {unknown}
Potions
 b - a potion of degeneration {unknown}
 d - a potion of lignification {unknown}
 e - a potion of might {unknown}
 g - a potion of mutation {unknown}
 h - a potion of flight {unknown}


   Skills:
 + Level 4.0 Fighting
 + Level 4.4 Axes
 + Level 2.7 Dodging
 + Level 1.6 Stealth


You had one spell level left.
You didn't know any spells.
Your spell library was empty.

Dungeon Overview and Level Annotations

Branches:
Dungeon (2/15)

Altars:


Message History

Unknown command.
Found an escape hatch in the ceiling.
f - a scroll labelled NOPHUABRUAFF A quokka, a kobold, 2 gnolls and a rat come into view.
The kobold shouts!
The gnoll shouts! x2; You hear a shout! x2
You hear an angry hiss.
A gnoll comes into view. It is wielding a +0 halberd.
Found a club.
An adder comes into view.
The rat barely misses you. The gnoll barely misses you.
You hit the rat.
You kill the rat!
The gnoll hits you but does no damage.
A gnoll comes into view. It is wielding a +0 club.
Found 11 gold pieces.
The gnoll shouts!
The gnoll hits you but does no damage.
The gnoll moves out of view.
You hit the gnoll.
The gnoll is heavily wounded.
You hit the gnoll but do no damage.
The gnoll hits you but does no damage. x2
You closely miss the gnoll.
The gnoll is heavily wounded.
You hit the gnoll but do no damage.
The gnoll hits you from afar with a +0 spear.
The gnoll hits you with a +0 halberd!
You are too injured to fight recklessly!
You are too injured to fight recklessly!
You are too injured to fight recklessly!
You are too injured to fight recklessly!
Unknown command.
You are too injured to fight recklessly!
Unknown command.
You are too injured to fight recklessly!
The gnoll attacks as you move away! The gnoll hits you with a +0 spear.
* * * LOW HITPOINT WARNING * * *
The gnoll attacks as you move away! The gnoll hits you with a +0 halberd.
* * * LOW HITPOINT WARNING * * *
The gnoll hits you but does no damage.
The gnoll hits you from afar with a +0 halberd!
You die... ###.....###PP ..$ # #...P## ..). ######### ##..# ...# #.... ##.##### r..# )#.....# ##Sg# ..####.## #ggK#

#.# #..## #.#
#.#####..## ##@#
.....###..#####..#
.....# ##.##....##
.[#### ##.#.####
..# #...# ..#
#<### ### #.. ####


You could see 3 gnolls, an adder and a quokka.

Vanquished Creatures
  A dart slug (D:1)
  2 ball pythons (D:1)
  An endoplasm (D:1)
  3 giant cockroaches
  A goblin (D:1)
  A kobold (D:1)
  3 bats (D:1)
  3 frilled lizards (D:1)
  2 rats
17 creatures vanquished.

Notes
Turn   | Place    | Note
-------+----------+-------------------------------------------
     0 | D:1      | soggyman666 the Hill Orc Monk began the quest for the Orb.
     0 | D:1      | Reached XP level 1. HP: 19/19 MP: 1/1
   305 | D:1      | Reached XP level 2. HP: 26/27 MP: 2/2
   670 | D:2      | Found a faded altar of an unknown god.
   791 | D:2      | Slain by a gnoll

Illustrated notes

Levels and vault maps discovered:
D:1:      dpeg_arrival_long_road, layout_rooms, st_stairs_1
D:2:      layout_rooms, shapermc_ecumenical_altar_flowoftime,
          kennysheep_generic_room_12

Skill      XL: |  1  2 |
---------------+-------+-----
Fighting       | 4 |  4.0
Axes           | |  4.4
Dodging        | |  2.7
Stealth        | |  1.6

Action                   || total
-------------------------++-------
Melee: Hand axe          ||    43
 Stab: Sleeping          ||     1
Armor: Robe              ||     1
       Ring mail         ||    17
       Chain mail        ||     5
Dodge: Dodged            ||    33
